 Dungeon Crawl Stone Soup version 0.30-a0-341-g682706514a (webtiles) character file.

Game seed: 8972327795547791121

49 JOEMAMA2 the Covert (level 3, 35/35 HPs)
             Began as a Gnoll Delver on Nov 1, 2022.
             Got out of the dungeon alive.
             The game lasted 00:03:50 (1160 turns).

JOEMAMA2 the Covert (Gnoll Delver)                  Turns: 1160, Time: 00:03:50

Health: 35/35      AC:  9    Str: 11    XL:     3   Next: 75%
Magic:  4/4        EV:  4    Int:  9    God:
Gold:   84         SH:  8    Dex: 15    Spells: 4/4 levels left

rFire   . . .      SeeInvis .    a - +0 falchion
rCold   . . .      Faith    .    q - +0 kite shield
rNeg    . . .      Spirit   .    k - +0 chain mail
rPois   .          Reflect  .    n - +0 helmet
rElec   .          Harm     .    (no cloak)
rCorr   .          Rampage  .    (no gloves)
Will    .....                    (no boots)
Stlth   +.........               (no amulet)
HPRegen 0.25/turn                (no ring)
MPRegen 0.09/turn                (no ring)

@: no status effects
A: fangs 1, strong nose, distributed training
a: no special abilities


You escaped.
You visited 1 branch of the dungeon, and saw 5 of its levels.

You collected 84 gold pieces.

Inventory:

Hand Weapons
 a - a +0 falchion (weapon)
Armour
 b - a +0 leather armour
 k - a +0 chain mail (worn)
 n - a +0 helmet (worn)
 q - a +0 kite shield (worn)
Jewellery
 s - an amulet of magic regeneration
Wands
 g - a wand of digging (3)
Scrolls
 c - a scroll of fog
 d - a scroll of magic mapping
 e - a scroll of fear
 h - 3 scrolls of identify {unknown}
 o - a scroll of amnesia {unknown}
 r - a scroll of noise {unknown}
 u - a scroll of teleportation {unknown}
Potions
 f - a potion of haste
 i - a potion of curing {unknown}
 j - 2 potions of berserk rage {unknown}
 l - a potion of mutation {unknown}
 m - a potion of cancellation {unknown}
 p - 3 potions of might {unknown}
 t - a potion of attraction {unknown}


   Skills:
 + Level 6.5 Fighting
 + Level 1.0 Short Blades
 + Level 4.6 Long Blades
 + Level 1.0 Axes
 + Level 1.0 Maces & Flails
 + Level 1.0 Polearms
 + Level 1.0 Staves
 + Level 1.0 Ranged Weapons
 + Level 1.0 Throwing
 + Level 1.0 Armour
 + Level 4.6 Dodging
 + Level 9.6 Stealth
 + Level 1.0 Shields
 + Level 1.0 Unarmed Combat
 + Level 1.0 Spellcasting
 + Level 0.7 Conjurations
 + Level 0.7 Hexes
 + Level 0.7 Summonings
 + Level 0.7 Necromancy
 + Level 0.7 Translocations
 + Level 0.7 Transmutations
 + Level 0.7 Fire Magic
 + Level 0.7 Ice Magic
 + Level 0.7 Air Magic
 + Level 0.7 Earth Magic
 + Level 0.7 Poison Magic
 + Level 1.0 Invocations
 + Level 1.0 Evocations


You had 4 spell levels left.
You didn't know any spells.
Your spell library was empty.

Dungeon Overview and Level Annotations

Branches:
Dungeon (5/15)
 Temple: D:4-7

Altars:

Shops:
D:2 [


Innate Abilities, Weirdness & Mutations

You have very sharp teeth.
Your uncanny sense of smell can sniff out nearby items.
Your experience applies equally to all skills.


Message History

The helpless rat fails to defend itself.
You slash the rat!
You kill the rat!
You see here a rat corpse.
You see here a rat corpse.
There is a shaft here.
A giant cockroach is nearby!
A giant cockroach is nearby!
You block the giant cockroach's attack.
The giant cockroach bites you but does no damage.
You hit the giant cockroach.
The giant cockroach is severely wounded.
You block the giant cockroach's attack.
The giant cockroach bites you but does no damage.
You hit the giant cockroach but do no damage.
You bite the giant cockroach, but do no damage.
The giant cockroach is severely wounded.
The giant cockroach bites you but does no damage.
You closely miss the giant cockroach.
You bite the giant cockroach, but do no damage.
The giant cockroach is severely wounded.
You block the giant cockroach's attack. x2
You closely miss the giant cockroach.
The giant cockroach is severely wounded.
You block the giant cockroach's attack.
You slash the giant cockroach!
You kill the giant cockroach!
You see here a +0 club.
There is an open door here.
You open the door.
There is an open door here.
t - a purple potion
p - 3 viscous puce potions (gained 1)
u - a scroll labelled HYPLAC DIYSS Done exploring.
You open the door.
There is an open door here.
There is a staircase leading out of the dungeon here.
Are you sure you want to leave the Dungeon?
This will make you lose the game!
You have escaped!

.## ##.........#########
#...# ..# ##.........###
##### ### #............## #
#..........#..# #
#......##'###+##
###......#§.≈§≈.≈#
#........#≈≈.≈.≈§#
####.##.....#≈≈...≈≈#######
#....###....§§§.@§≈§......#
...##.......#≈≈...≈§#.....#
......#######≈§.§§§≈#.....#
...#### #≈.≈≈≈.≈#.....#
#### ##'###'##.....#
#.....#......#
####.........# ###########


There were no monsters in sight!

Vanquished Creatures
  An adder (D:2)
  A worm (D:2)
  An orc (D:3)
  2 giant cockroaches (D:1)
  3 hobgoblins
  A jackal (D:3)
  5 kobolds
  6 ball pythons
  3 bats
  2 frilled lizards
  5 goblins
  5 rats (D:1)
35 creatures vanquished.

Notes
Turn   | Place    | Note
-------+----------+-------------------------------------------
     0 | D:5      | Reached skill level 9 in Stealth
     0 | D:5      | JOEMAMA2 the Gnoll Delver began the quest for the Orb.
     0 | D:5      | Reached XP level 1. HP: 23/23 MP: 1/1
     8 | D:5      | Found the +2 ratskin cloak {*Rats rPois rN+ Str-1 Int-1
                  | Dex+1}
   321 | D:2      | Reached XP level 2. HP: 28/29 MP: 2/2
   469 | D:2      | Found Qukhlo Hicru's Antique Armour Emporium.
   478 | D:2      | Reached XP level 3. HP: 32/35 MP: 3/3
   558 | D:1      | Reached skill level 1 in Invocations
   809 | D:1      | Found a faded altar of an unknown god.
   964 | D:1      | Reached skill level 1 in Short Blades
   964 | D:1      | Reached skill level 1 in Axes
   964 | D:1      | Reached skill level 1 in Maces & Flails
   964 | D:1      | Reached skill level 1 in Polearms
   964 | D:1      | Reached skill level 1 in Staves
   964 | D:1      | Reached skill level 1 in Ranged Weapons
   964 | D:1      | Reached skill level 1 in Throwing
   964 | D:1      | Reached skill level 1 in Armour
   964 | D:1      | Reached skill level 1 in Shields
   964 | D:1      | Reached skill level 1 in Unarmed Combat
   964 | D:1      | Reached skill level 1 in Spellcasting
   964 | D:1      | Reached skill level 1 in Evocations
  1160 | D:$      | Got out of the dungeon alive.

Illustrated notes

Levels and vault maps discovered:
D:1:      ncdulo_lavacross, layout_rooms,
          hellmonk_ecumenical_altar_leap_of_faith, minmay_three_crescents
D:2:      layout_basic, serial_shops, shop
D:3:      layout_basic
D:4:      layout_basic, nicolae_ru_path_of_blood, kennysheep_mini,
          mainiacjoe_overflow_boulevard, brannock_xom_greatest_gift,
          nicolae_elemental_shop, corexii_checkpoint_b
D:5:      layout_rooms, mainiacjoe_overflow_swirl,
          nicolae_dithmenos_through_a_glass_darkly, minmay_temple_entry_fiery,
          uniq_prince_ribbit1, uniq_menkaure

Skill      XL: |  1  2  3 |
---------------+----------+-----
Stealth        | |  9.6
Invocations    | 1 |  1.0
Short Blades   | 1 |  1.0
Axes           | 1 |  1.0
Maces & Flails | 1 |  1.0
Polearms       | 1 |  1.0
Staves         | 1 |  1.0
Ranged Weapons | 1 |  1.0
Throwing       | 1 |  1.0
Armour         | 1 |  1.0
Shields        | 1 |  1.0
Unarmed Combat | 1 |  1.0
Spellcasting   | 1 |  1.0
Evocations     | 1 |  1.0
Fighting       | |  6.5
Long Blades    | |  4.6
Dodging        | |  4.6
Conjurations   | |  0.7
Hexes          | |  0.7
Summonings     | |  0.7
Necromancy     | |  0.7
Translocations | |  0.7
Transmutations | |  0.7
Fire Magic     | |  0.7
Ice Magic      | |  0.7
Air Magic      | |  0.7
Earth Magic    | |  0.7
Poison Magic   | |  0.7

Action                   || total
-------------------------++-------
Melee: Falchion          ||   120
       Bite              ||     8
 Stab: Sleeping          ||     3
Armor: Leather armour    ||     6
       Chain mail        ||    93
Dodge: Dodged            ||    37
Block: Kite shield       ||    32

Table legend: (Time is in decaauts)
 A = Elapsed time spent in this place.
 B = Non-inter-level travel time spent in this place.
 C = Inter-level travel time spent in this place.
 D = Time resting spent in this place.
 E = Time spent auto-exploring this place.
 F = Levels seen in this place.
 G = Mean time per level.
                   A        B        C        D        E       F      G
               +--------+--------+--------+--------+--------+-----+--------+
         Total |   1174 |   1174 |      0 |      3 |    593 |   5 |  234.8 |
       Dungeon |   1174 |   1174 |      0 |      3 |    593 |   5 |  234.8 |
               +--------+--------+--------+--------+--------+-----+--------+

Top non-repeatable levels by time:
     D:1: 660 daAuts
     D:2: 304 daAuts
     D:3: 181 daAuts
     D:5: 19 daAuts
     D:4: 10 daAuts
